 Dungeon Crawl Stone Soup version 0.25-a0-766-g0ecfff5982 (webtiles) character file.

Game seed: 4752450023835836676, levelgen mode: deterministic

90 Error4North the Skirmisher (level 4, -1/40 HPs)
             Began as a Hill Orc Fighter on Apr 13, 2020.
             Slain by an orc wizard
             ... wielding a +0 dagger
              (2 damage)
             ... on level 3 of the Dungeon.
             The game lasted 00:03:30 (1560 turns).

Error4North the Skirmisher (Hill Orc Fighter)       Turns: 1560, Time: 00:03:30

Health: -1/40      AC:  8    Str: 17 (19) XL:     4   Next: 56%
Magic:  4/4        EV:  7    Int:  6 (8)  God:
Gold:   92         SH:  9    Dex: 10      Spells: 3/3 levels left

rFire    . . .     SeeInvis .   a - +0 war axe
rCold    . . .     Gourm    .   c - +0 kite shield
rNeg     . . .     Faith    .   b - +0 scale mail
rPois    .         Spirit   .   (no helmet)
rElec    .         Reflect  .   r - +0 cloak
rCorr    .         Harm     .   (no gloves)
MR       .....                  (no boots)
Stlth    ..........             (no amulet)
HPRegen  0.13/turn              (no ring)
MPRegen  0.09/turn              (no ring)

@: mighty, very slightly contaminated, hasted, invisible, very quick
A: no striking features
a: no special abilities


You were on level 3 of the Dungeon.
You were not hungry.

You visited 1 branch of the dungeon, and saw 3 of its levels.

You collected 92 gold pieces.

Inventory:

Hand Weapons
 a - a +0 war axe (weapon)
Missiles
 m - 5 boomerangs (quivered)
Armour
 b - a +0 scale mail (worn)
 c - a +0 kite shield (worn)
 r - a +0 cloak (worn)
Scrolls
 i - a scroll of enchant weapon {unknown}
 k - 2 scrolls of magic mapping {unknown}
 l - a scroll of noise {unknown}
 o - a scroll of remove curse {unknown}
 p - a scroll of teleportation {unknown}
 t - a scroll of enchant armour {unknown}
Potions
 d - a potion of might
 h - a potion of stabbing {unknown}
 s - a potion of resistance {unknown}
Comestibles
 f - 3 rations
 n - 2 chunks of flesh


   Skills:
 * Level 4.2 Fighting
 + Level 3.7 Axes
 + Level 0.2 Throwing
 * Level 4.1 Armour
 + Level 0.1 Dodging
 + Level 0.1 Stealth
 * Level 4.0 Shields


You had 3 spell levels left.
You didn't know any spells.
Your spell library was empty.

Dungeon Overview and Level Annotations

Branches:
Dungeon (3/15)

Altars:


Message History

You closely miss the orc priest.
The orc priest is almost dead.
The orc priest hits you with a +0 short sword.
* * * LOW HITPOINT WARNING * * *
The orc priest hits you with a +0 short sword.
* * * LOW HITPOINT WARNING * * *
The orc priest shouts, "Beogh is our master!
Accept the truth or die!"
You slash the orc priest!
You kill the orc priest!
You feel your dexterity returning.
Your Shields skill increases to level 4!
The orc wizard hits you but does no damage.
It was a potion of invisibility.
You fade into invisibility!
You block the orc wizard's attack.
You are very lightly contaminated with residual magic.
It was a potion of haste.
You feel yourself speed up. The orc wizard closely misses you.
The orc wizard hits you with a +0 dagger.
You die...

###.##.##.#
#.......#.###
#)##......
#.#...#.#
#.<.....#
#.......#
####<#### #.#
#@# #o# .w.
..... .......
.$.......
+.........+
#.........#


You could see a worm and an orc wizard.

Vanquished Creatures
  An orc priest (D:3)
  An adder (D:2)
  2 worms (D:2)
  2 dart slugs (D:2)
  A leopard gecko (D:2)
  2 orcs (D:3)
  3 bats (D:2)
  3 goblins (D:2)
  9 hobgoblins
  2 jackals (D:3)
  A ball python (D:1)
  3 frilled lizards (D:2)
  2 kobolds (D:1)
  6 rats
38 creatures vanquished.

Notes
Turn   | Place    | Note
-------+----------+-------------------------------------------
     0 | D:1      | Error4North the Hill Orc Fighter began the quest for the
                  | Orb.
     0 | D:1      | Reached XP level 1. HP: 19/19 MP: 1/1
   355 | D:1      | Reached XP level 2. HP: 26/27 MP: 2/2
   915 | D:2      | Reached XP level 3. HP: 33/33 MP: 3/3
  1545 | D:3      | Reached XP level 4. HP: 4/40 MP: 4/4
  1557 | D:3      | HP: 1/40 [orc priest/+0 short sword (2)]
  1560 | D:3      | Slain by an orc wizard

Levels and vault maps discovered:
D:1:      mushboom_english_gardens, layout_loops_ring
D:2:      layout_basic
D:3:      layout_loops_corners, marbit_many_paths, minmay_misc_feat_four_crosses

Skill      XL: |  1  2  3  4 |
---------------+-------------+-----
Axes           | 3 |  3.7
Fighting       | 4 |  4.2
Armour         | 4 |  4.1
Shields        | 4 |  4.0
Throwing       | |  0.2
Dodging        | |  0.1
Stealth        | |  0.1

Action                   |  1- 3 |  4- 6 || total
-------------------------+-------+-------++-------
Melee: War axe           |   103 |     9 ||   112
Throw: Boomerang         |    27 |       ||    27
  Use: Potion            |       |     6 ||     6
  Eat: Chunk             |     2 |       ||     2
Armor: Scale mail        |    40 |     7 ||    47
Dodge: Dodged            |    29 |     2 ||    31
Block: Kite shield       |    47 |     4 ||    51

Table legend:
 A = Non-vault XP
 B = Vault XP
 C = Vault XP percentage of total XP
 D = Non-vault monster count
 E = Vault monster count
 F = Vault count percentage of total count
                 A         B        C        D         E       F
            +---------+---------+-------+---------+---------+-------
      Total |     129 |       0 |   0.0 |      38 |       0 |   0.0
            +---------+---------+-------+---------+---------+-------
        D:1 |      12 |       0 |   0.0 |       8 |       0 |   0.0
        D:2 |      62 |       0 |   0.0 |      24 |       0 |   0.0
        D:3 |      55 |       0 |   0.0 |       6 |       0 |   0.0
            +---------+---------+-------+---------+---------+-------
